 Dungeon Crawl Stone Soup version 0.21-a0-513-gdcb3f5e (webtiles) character file.

415971 theanonym the Slayer (level 23, -18/291 HPs)
             Began as an Ogre Berserker on Dec 2, 2017.
             Was the Champion of Trog.
             Killed by the air
             ... invoked by a spriggan air mage
             ... led by the Enchantress
              (27 damage)
             ... on level 3 of the Depths.
             The game lasted 02:18:13 (52621 turns).

theanonym the Slayer (Ogre Berserker)              Turns: 52621, Time: 02:18:14

Health: -18/291    AC: 19    Str: 29    XL:     23   Next: 60%
Magic:  23/23      EV: 18    Int:  8    God:    Trog [******]
Gold:   2431       SH:  4    Dex: 15    Spells: 22/22 levels left

rFire    + + .     SeeInvis .   a - +9 giant spiked club (flame) {god gift, MP-66%}
rCold    . . .     Gourm    .   (shield currently unavailable)
rNeg     . . .     Faith    .   N - +0 fire dragon scales
rPois    +         Spirit   .   V - +2 hat
rElec    +         Reflect  +   Y - +1 cloak {rPois}
rCorr    .         Harm     .   (gloves unavailable)
MR       +++..                  (boots unavailable)
Stlth    ..........             n - +4 amulet of reflection
HPRegen  0.58/turn              F - ring of protection from cold {rC+}
MPRegen  0.18/turn              i - ring "Wifoghaz" {rElec Str+2}

@: berserk cooldown, very slightly contaminated, slowed, very slow
A: large, unfitting armour, horns 1, rugged brown scales 1, magic resistance 1,
tough skin 1
}: 2/15 runes: decaying, gossamer
a: Berserk, Trog's Hand, Brothers in Arms, Burn Spellbooks, Renounce Religion


Innate Abilities, Weirdness & Mutations

You are too large for most types of armour.
You have tough skin. (AC +1)
You have a pair of small horns on your head.
You are partially covered in rugged brown scales. (AC +1, +3% HP)
You are resistant to hostile enchantments. (MR+)


   Skills:
 - Level 26.9 Fighting
 - Level 22.0 Maces & Flails
 - Level 13.8 Armour
 + Level 17.1 Dodging


You had 22 spell levels left.
You didn't know any spells.

Skill      XL: |  1  2  3  4  5  6  7  8  9 10 11 12 13 14 15 16 17 18 19 20 21 22 23 |
---------------+----------------------------------------------------------------------+-----
Fighting       | 5 6 7 8 10 11 12 13 15 16 17 18 19 20 21 23 26 | 26.9
Maces & Flails | 3 4 5 6 8 10 11 12 14 15 16 17 18 19 20 22 | 22.0
Dodging        | 3 5 6 8 9 10 11 13 14 15 16 17 | 17.1
Armour         | 1 7 10 11 13 | 13.8

Action                   |  1- 3 |  4- 6 |  7- 9 | 10-12 | 13-15 | 16-18 | 19-21 | 22-24 || total
-------------------------+-------+-------+-------+-------+-------+-------+-------+-------++-------
Melee: Mace              |   104 |     9 |       |       |       |       |       |       ||   113
       Flail             |       |   149 |       |       |       |       |       |       ||   149
       Headbutt          |       |    21 |    30 |   110 |   205 |   414 |   236 |   185 ||  1201
       Giant club        |       |     2 |    42 |       |       |       |       |       ||    44
       Giant spiked club |       |       |   168 |   110 |   241 |    77 |   518 |   748 ||  1862
       Great mace        |       |       |       |   305 |   573 |  1371 |   367 |       ||  2616
Throw: Tomahawk          |       |       |     4 |     1 |     8 |       |       |       ||    13
       Javelin           |       |       |     2 |       |       |       |       |       ||     2
       Large rock        |       |       |       |       |     6 |     7 |     5 |     7 ||    25
       Throwing net      |       |       |       |       |       |       |     2 |       ||     2
Invok: Berserk           |     2 |     7 |    12 |    16 |    24 |    20 |    13 |     8 ||   102
       Trog's Hand       |       |     1 |     4 |     2 |     4 |    18 |     4 |     5 ||    38
       Burn Spellbooks   |       |       |       |     4 |       |     2 |     3 |       ||     9
       Brothers in Arms  |       |       |       |     8 |     2 |     8 |     1 |       ||    19
Evoke: Wand              |       |       |       |     9 |     3 |    18 |     3 |     3 ||    36
       Phial of floods   |       |       |       |       |       |       |       |     2 ||     2
  Use: Potion            |       |     3 |     2 |     5 |     2 |    10 |       |     3 ||    25
       Scroll            |       |     3 |    14 |     6 |     8 |    14 |    11 |     4 ||    60
 Stab: Sleeping          |       |       |     2 |     2 |       |     1 |       |       ||     5
       Distracted        |       |       |       |     1 |     1 |       |     1 |       ||     3
       Paralysed         |       |       |       |       |     2 |       |       |       ||     2
       Confused          |       |       |       |       |       |     1 |       |       ||     1
  Eat: Chunk             |     2 |     9 |    11 |    33 |    34 |    31 |    26 |    14 ||   160
       Bread ration      |     1 |     1 |     2 |     1 |     5 |     8 |     1 |       ||    19
       Royal jelly       |       |       |       |     2 |       |       |       |       ||     2
       Fruit             |       |       |       |     1 |       |       |       |       ||     1
       Meat ration       |       |       |       |       |       |     2 |     3 |     3 ||     8
Armor: Animal skin       |    39 |    35 |    97 |     2 |       |       |       |       ||   173
       Robe              |       |       |       |   112 |   286 |   384 |       |       ||   782
       Skin              |       |       |       |       |       |    20 |       |       ||    20
       Fire dragon scale |       |       |       |       |       |   160 |   347 |   376 ||   883
Dodge: Dodged            |    80 |    85 |   252 |   357 |   862 |  1657 |   780 |   641 ||  4714
Block: Other             |       |       |       |       |       |       |    98 |   113 ||   211
       Reflection        |       |       |       |       |       |       |     3 |     1 ||     4

Inventory:

Hand Weapons
 a - a +9 giant spiked club of flaming (weapon) {god gift, MP-66%}
   (Trog gifted it to you on level 12 of the Dungeon)
 b - a +8 antimagic giant spiked club {god gift, MP-66%}
   (Trog gifted it to you on level 4 of the Spider Nest)
 D - the +5 giant spiked club of Regicide {god gift, flame, rN+ SInv}
   (Trog gifted it to you on level 2 of the Orcish Mines)

   It has been specially enchanted to burn those struck by it, causing extra
   injury to most foes and up to half again as much damage against particularly
   susceptible opponents.
   It protects you from negative energy.
   It lets you see invisible.
Missiles
 c - 3 throwing nets
 Q - 52 large rocks (quivered)
Armour
 N - +0 fire dragon scales (worn)
   (You found it on level 4 of the Swamp)
 V - a +2 hat (worn)
   (You found it on level 3 of the Vaults)
 Y - a +1 cloak of poison resistance (worn)
   (You took it off Nikola on level 3 of the Swamp)
Jewellery
 h - an uncursed ring of resist corrosion
   (You found it on level 1 of the Dungeon)
 i - the ring "Wifoghaz" (right hand) {rElec Str+2}
   (You bought it in a shop on level 2 of the Vaults)

   [ring of strength]

   It affects your strength (+2).
   It insulates you from electricity.
 n - a +4 amulet of reflection (around neck)
   (You bought it in a shop on level 2 of the Vaults)
 s - an uncursed ring of protection from fire {rF+}
   (You took it off a yaktaur on level 3 of the Vaults)
 E - an uncursed amulet of regeneration {+regen}
   (You took it off a kobold on level 3 of the Dungeon)
 F - a ring of protection from cold (left hand) {rC+}
   (You found it in an ice cave)
 S - an uncursed ring of protection from magic {MR+}
   (You found it in a labyrinth)
Wands
 d - a wand of digging (13)
   (You found it on level 3 of the Swamp)
 v - a wand of acid (12)
   (You found it on level 9 of the Dungeon)
 x - a wand of scattershot (5)
   (You found it on level 9 of the Dungeon)
 A - a wand of iceblast (29)
   (You found it on level 8 of the Dungeon)
 K - a wand of paralysis (39)
   (You found it on level 4 of the Lair of Beasts)
 T - a wand of polymorph (68)
   (You found it in a labyrinth)
Scrolls
 f - 9 scrolls of fog {!r}
 l - 8 scrolls of enchant armour
 r - 15 scrolls of identify
 t - 11 scrolls of teleportation {!r}
 y - 4 scrolls of magic mapping {!r}
 B - a scroll of silence
 L - 23 scrolls of remove curse
 O - a scroll of fear {!r}
 P - 8 scrolls of immolation
 R - 3 scrolls of enchant weapon
Potions
 g - 2 potions of agility
 o - 6 potions of might
 p - a potion of flight
 u - 2 potions of resistance
 w - 4 potions of curing
 z - 5 potions of mutation
 G - 8 potions of lignification
 H - 3 potions of invisibility
 I - 3 potions of berserk rage {!q}
 J - 2 potions of cancellation
 U - 2 potions of ambrosia
 X - 3 potions of magic
Miscellaneous
 m - a phial of floods
   (You found it on level 4 of the Vaults)
 M - a fan of gales
   (You found it on level 1 of the Spider Nest)
Comestibles
 e - 17 meat rations
 k - 24 royal jellies
 C - 3 chunks of flesh

Dungeon Overview and Level Annotations

Branches:
Dungeon (15/15)            Temple (0/1) D:5            Lair (6/6) D:10
  Swamp (4/4) Lair:3       Spider (4/4) Lair:4        Slime (0/5) Lair:5
    Orc (2/2) D:12            Elf (0/3) Orc:2        Vaults (4/5) D:14
  Crypt (0/3) Vaults:2     Depths (3/5) D:15

Altars:
Kikubaaqudgha
Makhleb
Okawaru
Qazlal
Ru
Uskayaw
Vehumet
Yredelemnul
The Shining One
Jiyva

Shops:
D:4 %   D:8 (   D:12 *%%?   D:14 *   Orc:2 ?%(}   Vaults:1 (   Vaults:2 =
Depths:2 ==}*

Portals:
Hell: Depths:1 Depths:2
Abyss: Depths:1 Depths:2 Depths:3
Pandemonium: Orc:2 Depths:1
Ziggurat: Depths:1

Annotations:
Depths:2 1 runed door
Depths:3 the Enchantress


You were on level 3 of the Depths.
You worshipped Trog.
Trog was exalted by your worship.
You were hungry.

You visited 7 branches of the dungeon, and saw 38 of its levels.
You also visited: Labyrinth, Ossuary, Ice Cave and Wizlab.

You collected 4339 gold pieces.
You spent 1908 gold pieces at shops.


Message History

The spriggan defender hits you with a flail of protection.
* * * LOW HITPOINT WARNING * * *
The spriggan defender misses you.
You take 6 damage, and have 66/436 hp.
You miss the spriggan defender. Something closely misses you.
You flatten the spriggan defender like a pancake!!!
You burn the spriggan defender.
Your headbutt misses the spriggan defender.
The spriggan defender completely misses you.
You hear some strange, mumbled words.
Something tries to affect you, but you resist.
The spriggan defender barely misses you.
You impale the spriggan defender!! You burn the spriggan defender.
You feel the power of Trog in you as your rage grows.
You kill the spriggan defender!
Trog accepts your kill.
Training target 26.9 for Fighting reached!
Something hits you!
* * * LOW HITPOINT WARNING * * *
The spriggan defender hits you with a flail of protection!!
* * * LOW HITPOINT WARNING * * *
You take 26 damage, and have 41/436 hp.
You bludgeon the spriggan!! You burn the spriggan!
You kill the spriggan!
Trog accepts your kill. Something hits you but does no damage.
You puncture the spriggan defender! You burn the spriggan defender.
The spriggan defender hits you with a flail of protection!
* * * LOW HITPOINT WARNING * * *
You take 9 damage, and have 33/436 hp.
The spriggan defender blocks your attack.
Your headbutt misses the spriggan defender.
You hear some strange, mumbled words.
Something tries to affect you, but you resist.
You hit the spriggan defender. You burn the spriggan defender.
You headbutt the spriggan defender.
The spriggan defender closely misses you.
Something hits you!
* * * LOW HITPOINT WARNING * * *
The spriggan air mage gestures at you while chanting.
The bolt of lightning hits you! You resist.
* * * LOW HITPOINT WARNING * * *
You take 18 damage, and have 15/436 hp.
You miss the spriggan defender. You headbutt the spriggan defender!
Something closely misses you.
The spriggan defender hits you with a flail of protection!
* * * LOW HITPOINT WARNING * * *
You take 9 damage, and have 6/436 hp.
The spriggan defender blocks your attack. x2
The spriggan air mage points at you and mumbles some strange words.
The bolt of lightning misses you.
You hear some strange, mumbled words.
You resist with almost no effort.
Items here: [[ ††† a +0 troll leather armour {Regen+} x2; a deep troll corpse x3
You sock the spriggan defender! You burn the spriggan defender.
The spriggan defender blocks your attack.
The spriggan defender barely misses you.
You miss the spriggan defender.
You completely miss the spriggan defender.
The spriggan defender hits you with a flail of protection.
* * * LOW HITPOINT WARNING * * *
You take 4 damage, and have 4/436 hp.
You crush the spriggan defender like a grape!!!
You burn the spriggan defender.
You kill the spriggan defender!
Trog accepts your kill.
You are no longer berserk.
You are exhausted.
You feel yourself slow down.
You now have 3/291 hp.
You feel much better. Something hits you but does no damage.
You hear some strange, mumbled words.
You resist with almost no effort.
You hear some strange, mumbled words.
You resist with some effort.
You regained 19 hp, and now have 22/291 hp.
Unknown command.
You feel much better.
The spriggan air mage hits you but does no damage.
Something hits you but does no damage.
You regained 17 hp, and now have 39/291 hp.
You puncture the spriggan air mage! You burn the spriggan air mage.
Something closely misses you.
The spriggan air mage waves its arms in wide circles.
The air twists around and strikes you!
* * * LOW HITPOINT WARNING * * *
Something hits you!
* * * LOW HITPOINT WARNING * * *
Something hits you.
* * * LOW HITPOINT WARNING * * *
You take 32 damage, and have 7/291 hp.
Blink to where?
You are very lightly contaminated with residual magic.
As you read the scroll of blinking, it crumbles to dust.
A lich comes into view.
The lich shouts!
The spriggan air mage waves its arms in wide circles.
The air twists around and strikes you!
You die...

......... .. #..#.#
#...# # #§[# #...#
####.##)####...########
......))<..............
.......................
...........∩...........
###....................
#..........i.@.......
#....................
#............>.......
......>...............
...........L...........
.......................
########..............
#..............


You could see a lich and a spriggan air mage.

Notes
Turn   | Place    | Note
-------+----------+-------------------------------------------
     0 | D:1      | theanonym the Ogre Berserker began the quest for the Orb.
     0 | D:1      | Reached XP level 1. HP: 24/24 MP: 1/1
    26 | D:1      | HP: 18/36 [hobgoblin (3)]
    31 | D:1      | HP: 17/39 [hobgoblin (1)]
    39 | D:1      | Reached XP level 2. HP: 18/33 MP: 2/2
   253 | D:1      | Reached skill level 5 in Fighting
   657 | D:1      | Reached XP level 3. HP: 39/42 MP: 3/3
  1067 | D:2      | Reached skill level 6 in Fighting
  1074 | D:2      | HP: 22/44 [poisoned by an adder]
  1080 | D:2      | HP: 20/44 [poisoned by an adder]
  1086 | D:2      | HP: 19/44 [poisoned by an adder]
  1093 | D:2      | HP: 18/44 [poisoned by an adder]
  1312 | D:2      | HP: 20/44 [gnoll/spear (8)]
  1320 | D:2      | HP: 10/44 [gnoll/spear (6)]
  1573 | D:2      | Reached XP level 4. HP: 51/52 MP: 4/4
  1587 | D:2      | Reached skill level 3 in Maces & Flails
  1805 | D:2      | Reached ** piety under Trog
  1969 | D:2      | HP: 24/53 [gnoll/javelin (6)]
  1974 | D:2      | Gained mutation: You are resistant to hostile enchantments. (MR+) [potion of mutation]
  1974 | D:2      | Gained mutation: You are partially covered in rugged brown scales. (AC +1, +3% HP) [potion of mutation]
  1974 | D:2      | Gained mutation: You have a pair of small horns on your head. [potion of mutation]
  2033 | D:2      | HP: 27/54 [worm (12)]
  2037 | D:2      | Reached XP level 5. HP: 42/62 MP: 5/5
  2259 | D:2      | Found a glowing golden altar of the Shining One.
  2740 | D:3      | Found an iron altar of Okawaru.
  2990 | D:3      | Reached skill level 4 in Maces & Flails
  3146 | D:3      | Noticed Jessica
  3148 | D:3      | Killed Jessica
  3148 | D:3      | Reached skill level 7 in Fighting
  3148 | D:3      | Reached XP level 6. HP: 72/73 MP: 6/6
  3206 | D:4      | theanonym: !lg * og s=place
  3206 | D:4      | beem: 208845 games for * (og): 49845x D:1, 38339x D:2, 31998x D:3, 22126x D:4, 11106x D:5, 7318x D:6, 6347x D:$, 5526x D:7, 4959x D:8, 3298x D:9, 2691x D:10, 1974x D:11, 1786x Abyss:1, 1693x Lair:1, 1097x Sewer, 1018x Lair:2, 965x D:12, 862x Ossuary, 777x Lair:3, 754x Bailey, 644x D:13, 603x IceCv, 592x Lair:4, 588x Orc:4, 578x Orc:2, 555x Lair:6, 525x Abyss, 516x Lair:8, 448x Lair:5, 428x Orc:1, 421x...
  3206 | D:4      | theanonym: !lg . og s=place
  3206 | D:4      | beem: 9 games for theanonym (og): 4x D:2, 2x D:4, D:8, D:6, D:3
  3207 | D:4      | Found Joitu's Food Shop.
  3220 | D:4      | Noticed a phantom
  3392 | D:4      | Reached *** piety under Trog
  3428 | D:4      | Reached skill level 5 in Maces & Flails
  3525 | D:4      | Reached XP level 7. HP: 72/81 MP: 7/7
  3568 | D:4      | Noticed theanonym's ghost (amateur OgBe)
  3578 | D:4      | Killed theanonym's ghost
  3578 | D:4      | Reached skill level 8 in Fighting
  3578 | D:4      | Reached skill level 6 in Maces & Flails
  3776 | D:4      | Reached XP level 8. HP: 78/91 MP: 8/8
  3930 | D:4      | Found a sacrificial altar of Ru.
  4295 | D:5      | Entered Level 5 of the Dungeon
  4299 | D:5      | Reached skill level 9 in Fighting
  4299 | D:5      | Reached skill level 7 in Maces & Flails
  4409 | D:5      | Found a staircase to the Ecumenical Temple.
  4445 | D:5      | Found a sand-covered staircase.
  4467 | Ossuary  | Entered an ossuary
  4486 | Ossuary  | HP: 44/94 [elf zombie (4)]
  4584 | Ossuary  | Reached skill level 8 in Maces & Flails
  4791 | D:5      | Reached skill level 10 in Fighting
  4869 | D:5      | Reached XP level 9. HP: 100/104 MP: 9/9
  5104 | D:5      | Reached **** piety under Trog
  5551 | D:6      | Reached skill level 9 in Maces & Flails
  5746 | D:6      | Noticed Menkaure
  5753 | D:6      | Killed Menkaure
  5766 | D:6      | Noticed Grinder
  5775 | D:6      | Killed Grinder
  5867 | D:6      | Noticed a white ugly thing
  5872 | D:6      | Killed a white ugly thing
  5872 | D:6      | Reached skill level 11 in Fighting
  5872 | D:6      | Reached skill level 10 in Maces & Flails
  6310 | D:7      | Found a stormy altar of Qazlal.
  6320 | D:7      | Reached skill level 3 in Dodging
  6360 | D:7      | Reached XP level 10. HP: 117/117 MP: 10/10
  6505 | D:7      | Found the +5 robe of Night {Dark MR+ SInv}
  6551 | D:7      | Reached ***** piety under Trog
  6611 | D:7      | Found a burning altar of Makhleb.
  6612 | D:7      | Noticed a blizzard demon
  6921 | D:8      | Found Getosain's Antique Weapon Emporium.
  7541 | D:9      | Found a hide-covered altar of Uskayaw.
  7643 | D:9      | Noticed Pikel
  7651 | D:9      | Killed Pikel
  7651 | D:9      | Reached skill level 12 in Fighting
  7651 | D:9      | Reached skill level 4 in Dodging
  7751 | D:9      | Reached skill level 11 in Maces & Flails
  7794 | D:9      | Noticed GoatyMcGoatface's ghost (novice OgTm)
  7804 | D:9      | Killed GoatyMcGoatface's ghost
  7855 | D:9      | Received a gift from Trog
  7856 | D:9      | Got a shimmering great mace {god gift}
  7857 | D:9      | Identified the +5 great mace of the Imperium {god gift, protect, rPois Str+3 Dex+3} (Trog gifted it to you on level 9 of the Dungeon)
  8191 | D:10     | Entered Level 10 of the Dungeon
  8216 | D:10     | Found a staircase to the Lair.
  8217 | D:10     | Noticed an oklob plant
  8275 | D:10     | Reached skill level 5 in Dodging
  8352 | D:10     | Reached XP level 11. HP: 125/127 MP: 11/11
  8585 | D:10     | Noticed a two-headed ogre
  8594 | D:10     | Killed a two-headed ogre
  9315 | D:10     | Killed an oklob plant
  9315 | D:10     | Reached skill level 13 in Fighting
  9315 | D:10     | Reached skill level 12 in Maces & Flails
  9346 | Lair:1   | Entered Level 1 of the Lair of Beasts
  9347 | Lair:1   | Noticed an eight-headed hydra
  9351 | Lair:1   | Killed an eight-headed hydra
  9437 | Lair:1   | Reached skill level 6 in Dodging
  9471 | Lair:1   | HP: 58/130 [spiny frog (13)]
  9616 | Lair:1   | Noticed an eight-headed hydra
  9626 | Lair:1   | Killed an eight-headed hydra
  9953 | Lair:1   | Noticed an eight-headed hydra
  9958 | Lair:1   | Killed an eight-headed hydra
  9958 | Lair:1   | Reached XP level 12. HP: 141/141 MP: 12/12
  9962 | Lair:1   | Reached skill level 13 in Maces & Flails
  9962 | Lair:1   | Reached skill level 7 in Dodging
 10558 | Lair:2   | Reached skill level 14 in Fighting
 10760 | Lair:2   | Found a frozen archway.
 10785 | IceCv    | Entered an ice cave
 10813 | IceCv    | Found a transporter.
 10850 | IceCv    | HP: 52/144 [white ugly thing (30)]
 10850 | IceCv    | HP: 24/144 [white ugly thing (15)]
 10852 | IceCv    | HP: 6/144 [white ugly thing (7)]
 10857 | IceCv    | HP: 39/144 [ice beast[an ice statue] (3)]
 11802 | Lair:3   | Noticed a seven-headed hydra
 11862 | Lair:3   | Killed a seven-headed hydra
 11862 | Lair:3   | Reached skill level 8 in Dodging
 12094 | Lair:3   | Found a staircase to the Swamp.
 12098 | Lair:3   | Reached skill level 14 in Maces & Flails
 12118 | Lair:3   | HP: 69/144 [tyrant leech (13)]
 12123 | Lair:3   | HP: 25/144 [tyrant leech (29)]
 12618 | Lair:3   | Reached skill level 15 in Fighting
 12618 | Lair:3   | Reached XP level 13. HP: 153/153 MP: 13/13
 13170 | Lair:4   | Found a hole to the Spider Nest.
 14002 | Lair:5   | Reached skill level 9 in Dodging
 14213 | Lair:5   | Found a staircase to the Slime Pits.
 14213 | Lair:5   | Found a viscous altar of Jiyva.
 14655 | Lair:5   | Reached skill level 15 in Maces & Flails
 15023 | Lair:6   | Entered Level 6 of the Lair of Beasts
 15226 | Lair:6   | Reached skill level 16 in Fighting
 15239 | Lair:6   | HP: 76/156 [wyvern (6)]
 15244 | Lair:6   | HP: 43/156 [wyvern (1)]
 15451 | Lair:6   | Reached XP level 14. HP: 157/166 MP: 14/14
 15584 | Lair:6   | Reached skill level 10 in Dodging
 15625 | Lair:6   | Reached skill level 16 in Maces & Flails
 15769 | Lair:6   | Noticed an entropy weaver
 15777 | Lair:6   | Killed an entropy weaver
 15785 | Lair:6   | Received a gift from Trog
 15802 | Lair:6   | Noticed an entropy weaver
 15827 | Lair:6   | HP: 82/167 [entropy weaver (13)]
 15832 | Lair:6   | HP: 109/250 [poisoned by a worker ant]
 15833 | Lair:6   | Killed an entropy weaver
 15837 | Lair:6   | HP: 74/167 [poisoned by a worker ant]
 16216 | Lair:6   | Reached skill level 17 in Fighting
 16677 | D:11     | Noticed Grum
 16683 | D:11     | Killed Grum
 17655 | D:12     | Found Voshak's Assorted Antiques.
 17660 | D:12     | Found Uder's Food Emporium.
 17670 | D:12     | Found a staircase to the Orcish Mines.
 17687 | D:12     | Found Muqivuss's Magic Scroll Shop.
 17719 | D:12     | Found Tetivod's Food Shop.
 17782 | D:12     | Found a labyrinth entrance.
 17791 | Lab      | Entered a labyrinth
 18021 | D:12     | Reached XP level 15. HP: 179/179 MP: 15/15
 18196 | D:12     | Noticed Josephine
 18203 | D:12     | Killed Josephine
 18203 | D:12     | Received a gift from Trog
 18240 | D:12     | Bought a scroll labeled RISUUR NEWIPUST for 31 gold pieces
 18240 | D:12     | Bought a scroll of identify for 62 gold pieces
 18551 | D:12     | Bought a scroll of fog for 28 gold pieces
 18551 | D:12     | Bought a scroll of magic mapping for 49 gold pieces
 18933 | D:13     | Reached skill level 11 in Dodging
 18997 | D:13     | Noticed Sonja
 19002 | D:13     | Killed Sonja
 19457 | D:14     | Reached skill level 17 in Maces & Flails
 19982 | D:14     | Found Menonnat's General Store.
 20133 | D:14     | Received a gift from Trog
 20335 | D:14     | HP: 90/180 [seven-headed hydra (10)]
 20340 | D:14     | HP: 78/270 [manticore (18)]
 21137 | D:14     | Reached skill level 18 in Fighting
 21275 | D:14     | Found a gate to the Vaults.
 21411 | D:15     | Entered Level 15 of the Dungeon
 21434 | D:15     | Noticed Louise
 21444 | D:15     | Killed Louise
 21456 | D:15     | HP: 83/180 [freezing wraith (18)]
 21461 | D:15     | HP: 58/180 [poisoned by Louise]
 21466 | D:15     | HP: 61/180 [poisoned by Louise]
 21473 | D:15     | HP: 67/180 [poisoned by Louise]
 21764 | D:15     | Found a staircase to the Depths.
 21812 | D:15     | HP: 132/273 [vampire mosquito (6)]
 21829 | D:15     | HP: 84/182 [ogre/giant club (13)]
 22016 | D:15     | Reached XP level 16. HP: 167/192 MP: 5/16
 22047 | D:15     | Reached skill level 12 in Dodging
 22631 | Orc:1    | Entered Level 1 of the Orcish Mines
 22828 | Orc:2    | Entered Level 2 of the Orcish Mines
 22966 | Orc:2    | Found a staircase to the Elven Halls.
 22980 | Orc:2    | Reached ****** piety under Trog
 22980 | Orc:2    | Received a gift from Trog
 22983 | Orc:2    | Got a polished giant spiked club {god gift}
 23002 | Orc:2    | Identified the +5 giant spiked club of Regicide {god gift, flame, rN+ SInv} (Trog gifted it to you on level 2 of the Orcish Mines)
 24062 | Swamp:1  | Entered Level 1 of the Swamp
 25105 | Swamp:2  | Reached skill level 18 in Maces & Flails
 25202 | Swamp:2  | Received a gift from Trog
 25208 | Swamp:2  | Noticed Kirke
 25220 | Swamp:2  | Killed Kirke
 25220 | Swamp:2  | Reached skill level 19 in Fighting
 25367 | Swamp:2  | Noticed a thorn hunter
 25374 | Swamp:2  | HP: 92/193 [thorn hunter (7)]
 25379 | Swamp:2  | HP: 47/193 [thorn hunter (4)]
 25380 | Swamp:2  | Killed a thorn hunter
 26480 | Swamp:3  | HP: 96/193 [spectral anaconda[a ghost crab] (1)]
 26632 | Swamp:3  | Noticed a thorn hunter
 26641 | Swamp:3  | Killed a thorn hunter
 26808 | Swamp:3  | Noticed Nikola
 26810 | Swamp:3  | HP: 92/195 [Nikola/chain lightning (12)]
 26816 | Swamp:3  | HP: 108/292 [Nikola/rapier of electrocution (2)]
 26819 | Swamp:3  | Killed Nikola
 26819 | Swamp:3  | Reached skill level 13 in Dodging
 26823 | Swamp:3  | Noticed a thorn hunter
 26824 | Swamp:3  | HP: 41/195 [thorn hunter/volley of thorns (40)]
 27012 | Swamp:3  | Killed a thorn hunter
 27295 | Swamp:3  | Reached XP level 17. HP: 171/205 MP: 17/17
 27354 | Swamp:3  | Noticed Roxanne
 27367 | Swamp:3  | Killed Roxanne
 27367 | Swamp:3  | Received a gift from Trog
 28004 | Spider:1 | Entered Level 1 of the Spider Nest
 28317 | Spider:1 | HP: 145/309 [redback (13)]
 28322 | Spider:1 | HP: 110/309 [poisoned by a wolf spider]
 28327 | Spider:1 | HP: 109/309 [poisoned by a wolf spider]
 28330 | Spider:1 | Reached skill level 20 in Fighting
 28332 | Spider:1 | HP: 91/309 [poisoned by a redback]
 28334 | Spider:1 | HP: 45/206 [poisoned by a redback]
 28335 | Spider:1 | HP: 20/206 [poisoned by a redback]
 28340 | Spider:1 | HP: 34/207 [redback (11)]
 28349 | Spider:1 | HP: 41/207 [redback (5)]
 28360 | Spider:1 | HP: 60/207 [wolf spider (1)]
 28365 | Spider:1 | HP: 39/207 [poisoned by a wolf spider]
 28370 | Spider:1 | HP: 42/207 [poisoned by a wolf spider]
 28375 | Spider:1 | HP: 45/207 [poisoned by a wolf spider]
 28380 | Spider:1 | HP: 49/207 [poisoned by a wolf spider]
 28385 | Spider:1 | HP: 54/207 [poisoned by a wolf spider]
 28390 | Spider:1 | HP: 58/207 [poisoned by a wolf spider]
 28397 | Spider:1 | HP: 62/207 [poisoned by a wolf spider]
 28405 | Spider:1 | HP: 66/207 [poisoned by a wolf spider]
 29092 | Spider:1 | Noticed Azrael
 29103 | Spider:1 | Killed Azrael
 29228 | Spider:1 | Reached skill level 19 in Maces & Flails
 29524 | Spider:2 | HP: 99/207 [emperor scorpion (23)]
 29529 | Spider:2 | HP: 78/207 [emperor scorpion (2)]
 29534 | Spider:2 | HP: 61/207 [emperor scorpion (6)]
 29536 | Spider:2 | HP: 29/207 [emperor scorpion (2)]
 29539 | Spider:2 | HP: 1/207 [emperor scorpion (22)]
 29546 | Spider:2 | HP: 21/207 [redback (1)]
 29951 | Spider:2 | HP: 102/208 [redback (8)]
 29958 | Spider:2 | Received a gift from Trog
 29959 | Spider:2 | HP: 77/208 [wolf spider (15)]
 29964 | Spider:2 | HP: 79/208 [jumping spider (7)]
 29970 | Spider:2 | HP: 124/312 [emperor scorpion (2)]
 30459 | Spider:2 | Reached skill level 1 in Armour
 31249 | Swamp:4  | Entered Level 4 of the Swamp
 31265 | Swamp:3  | HP: 102/210 [slime creature (17)]
 31268 | Swamp:3  | Reached skill level 14 in Dodging
 31270 | Swamp:3  | HP: 145/315 [slime creature (1)]
 31600 | Swamp:4  | HP: 100/210 [fire dragon/blast of flame (10)]
 31606 | Swamp:4  | HP: 90/210 [swamp dragon/blast of poison (2)]
 31611 | Swamp:4  | HP: 85/210 [ghost crab (2)]
 31616 | Swamp:4  | HP: 81/210 [something (6)]
 31622 | Swamp:4  | HP: 63/210 [poisoned by a swamp dragon (blast of poison)]
 31943 | Swamp:4  | Reached XP level 18. HP: 201/219 MP: 18/18
 32033 | Swamp:4  | Reached skill level 21 in Fighting
 32247 | Swamp:4  | Got a decaying rune of Zot
 32555 | Swamp:4  | Reached skill level 20 in Maces & Flails
 32582 | Swamp:4  | Noticed Aizul
 32634 | Swamp:4  | Killed Aizul
 33347 | Vaults:1 | Entered Level 1 of the Vaults
 33402 | Vaults:1 | Found Feteps's Weapon Shop.
 33712 | Vaults:1 | Reached skill level 2 in Armour
 34009 | Vaults:1 | Received a gift from Trog
 34315 | Vaults:1 | Reached skill level 3 in Armour
 34374 | Vaults:1 | HP: 101/221 [yaktaur captain (16)]
 34710 | Vaults:1 | Reached skill level 4 in Armour
 34740 | Vaults:1 | HP: 154/331 [wizard/stone arrow (26)]
 34742 | Vaults:1 | HP: 73/221 [wolf spider (7)]
 35291 | Vaults:1 | Reached skill level 5 in Armour
 35385 | Vaults:1 | Received a gift from Trog
 35389 | Vaults:1 | Paralysed by a great orb of eyes for 6 turns
 35650 | Vaults:2 | Found a magical portal.
 35668 | WizLab   | Entered Wucad Mu's Monastery
 35756 | WizLab   | HP: 106/223 [monstrous demonspawn[old memories] (9)]
 35765 | WizLab   | HP: 106/223 [monstrous demonspawn[old memories] (2)]
 35803 | WizLab   | Found the +9 staff of Wucad Mu {channel}
 35814 | WizLab   | HP: 108/223 [something (16)]
 35817 | WizLab   | Reached skill level 15 in Dodging
 35818 | WizLab   | HP: 48/223 [grey draconian monk[old memories] (12)]
 35823 | WizLab   | HP: 30/223 [grey draconian monk[old memories] (9)]
 36044 | Vaults:2 | Reached skill level 7 in Armour
 36044 | Vaults:2 | Reached XP level 19. HP: 232/232 MP: 19/19
 36107 | Vaults:2 | HP: 94/232 [orc knight/halberd (39)]
 36117 | Vaults:2 | HP: 110/348 [orc knight/halberd (4)]
 36505 | Vaults:2 | Reached XP level 20. HP: 243/243 MP: 20/20
 36879 | Vaults:2 | Reached skill level 8 in Armour
 36924 | Vaults:2 | Noticed Bai Suzhen
 36943 | Vaults:2 | Killed Bai Suzhen
 36943 | Vaults:2 | Reached skill level 22 in Fighting
 37309 | Vaults:2 | Received a gift from Trog
 37324 | Vaults:2 | HP: 181/364 [skeletal warrior/war axe (3)]
 37329 | Vaults:2 | HP: 157/364 [skeletal warrior/glaive of flaming[a skeletal warrior] (15)]
 37334 | Vaults:2 | HP: 69/243 [skeletal warrior/glaive of flaming[a skeletal warrior] (21)]
 37334 | Vaults:2 | HP: 25/243 [ironheart preserver simulacrum (33)]
 37556 | Vaults:2 | Found a basalt altar of Yredelemnul.
 37557 | Vaults:2 | Found a staircase to the Crypt.
 37558 | Vaults:2 | Found an ancient bone altar of Kikubaaqudgha.
 37687 | Vaults:2 | Found Heumilukk's Jewellery Shoppe.
 37700 | Vaults:2 | Bought the ring "Wifoghaz" {rElec Str+2} for 451 gold pieces
 37700 | Vaults:2 | Bought a +4 amulet of reflection for 567 gold pieces
 37889 | Vaults:2 | Found a burning altar of Makhleb.
 38089 | Vaults:3 | Reached skill level 9 in Armour
 38869 | Vaults:3 | Received a gift from Trog
 39237 | Vaults:3 | Found a radiant altar of Vehumet.
 39244 | Vaults:3 | Identified the cursed +1 robe of the Game of Life {rElec} (You found it on level 3 of the Vaults)
 39424 | Vaults:3 | Reached skill level 10 in Armour
 39492 | Vaults:3 | Reached skill level 23 in Fighting
 39494 | Vaults:3 | HP: 179/370 [something (9)]
 39505 | Vaults:3 | HP: 107/247 [deep elf archer/arrow (14)]
 39798 | Vaults:3 | Got a heavy robe
 39799 | Vaults:3 | Identified the +1 robe "Ityreoc" {rN++} (You found it on level 3 of the Vaults)
 40527 | Vaults:3 | Reached XP level 21. HP: 163/256 MP: 7/21
 40907 | Vaults:4 | HP: 124/256 [harpy (9)]
 40915 | Vaults:4 | HP: 95/256 [harpy (3)]
 40920 | Vaults:4 | HP: 94/256 [cyan ugly thing (3)]
 41242 | Vaults:4 | theanonym: ??antimagic
 41242 | Vaults:4 | beem: antimagic[1/2]: A weapon brand which makes monsters sometimes lose a turn when they try to cast spells. Wielding it reduces max mp by 2/3, getting hit by it depletes mp. Works on everything that has non-divine spells, including demons, orbs of fire, electric golems, etc.
 41315 | Vaults:4 | Received a gift from Trog
 41524 | Vaults:4 | HP: 123/257 [yaktaur/bolt[a vault warden] (8)]
 41886 | Vaults:4 | Reached skill level 21 in Maces & Flails
 42119 | Vaults:4 | Noticed Mennas
 42137 | Vaults:4 | Killed Mennas
 42777 | Vaults:4 | Noticed Frederick
 42785 | Vaults:4 | Killed Frederick
 43013 | Vaults:4 | Noticed Margery
 43023 | Vaults:4 | Killed Margery
 43030 | Vaults:4 | Received a gift from Trog
 43194 | Vaults:4 | HP: 92/257 [flayed ghost/flay_damage (38)]
 43836 | Spider:3 | Noticed Arachne
 43843 | Spider:3 | Killed Arachne
 44037 | Spider:3 | Reached skill level 22 in Maces & Flails
 44067 | Spider:3 | HP: 128/257 [poisoned by a redback]
 44072 | Spider:3 | HP: 109/257 [poisoned by a redback]
 44077 | Spider:3 | HP: 102/257 [poisoned by a redback]
 44082 | Spider:3 | HP: 99/257 [poisoned by a redback]
 44087 | Spider:3 | HP: 97/257 [poisoned by a redback]
 44092 | Spider:3 | HP: 96/257 [poisoned by a redback]
 44099 | Spider:3 | HP: 97/257 [poisoned by a redback]
 44106 | Spider:3 | HP: 99/257 [poisoned by a redback]
 44114 | Spider:3 | HP: 101/257 [poisoned by a redback]
 44595 | Spider:3 | Reached skill level 11 in Armour
 44680 | Spider:3 | Received a gift from Trog
 45039 | Spider:4 | Entered Level 4 of the Spider Nest
 45337 | Spider:4 | Noticed Jorgrun
 45347 | Spider:4 | Killed Jorgrun
 45372 | Spider:4 | HP: 86/259 [disintegration (53)]
 45391 | Spider:4 | HP: 50/259 [wolf spider (10)]
 45757 | Spider:4 | Reached XP level 22. HP: 185/269 MP: 22/22
 45772 | Spider:4 | HP: 133/269 [disintegration (15)]
 45781 | Spider:4 | Reached skill level 24 in Fighting
 46341 | Spider:4 | HP: 134/270 [demonic crawler (7)]
 46346 | Spider:4 | HP: 121/270 [poisoned by a wolf spider]
 46351 | Spider:4 | HP: 114/270 [poisoned by a wolf spider]
 46357 | Spider:4 | HP: 82/270 [poisoned by a wolf spider]
 46365 | Spider:4 | HP: 59/270 [poisoned by a wolf spider]
 46373 | Spider:4 | HP: 68/270 [poisoned by a wolf spider]
 46380 | Spider:4 | HP: 70/270 [poisoned by a wolf spider]
 46470 | Spider:4 | HP: 117/270 [redback (2)]
 46840 | Spider:4 | Received a gift from Trog
 47092 | Spider:4 | Reached skill level 12 in Armour
 47449 | Spider:4 | Got a gossamer rune of Zot
 47840 | Orc:2    | Found Ynekas's Food Shop.
 47850 | Orc:2    | Found Eneseq's Magic Scroll Boutique.
 48181 | Orc:2    | Bought a scroll of enchant weapon for 112 gold pieces
 48181 | Orc:2    | Bought a scroll of teleportation for 45 gold pieces
 48181 | Orc:2    | Bought a scroll of magic mapping for 52 gold pieces
 48181 | Orc:2    | Bought a scroll of silence for 112 gold pieces
 48181 | Orc:2    | Bought a scroll of fog for 30 gold pieces
 48212 | Orc:2    | Received a gift from Trog
 48393 | Orc:2    | Found Teivef's Gadget Shoppe.
 48393 | Orc:2    | Found a one-way gate leading to the halls of Pandemonium.
 48393 | Orc:2    | Found Yxelal's Antique Weapon Emporium.
 48557 | Depths:1 | Entered Level 1 of the Depths
 48747 | Depths:1 | Reached skill level 25 in Fighting
 49018 | Depths:1 | Reached skill level 13 in Armour
 49022 | Depths:1 | HP: 125/275 [white very ugly thing (49)]
 49031 | Depths:1 | Noticed Sojobo
 49032 | Depths:1 | HP: 146/412 [white ugly thing (6)]
 49042 | Depths:1 | HP: 117/412 [Sojobo/the air (20)]
 49045 | Depths:1 | Killed Sojobo
 49715 | Depths:1 | HP: 122/275 [flayed ghost/flay_damage (44)]
 49723 | Depths:1 | HP: 102/275 [flayed ghost (20)]
 49735 | Depths:1 | HP: 126/275 [stone giant (13)]
 50074 | Depths:1 | Found a gateway to a ziggurat.
 50079 | Depths:1 | Found a one-way gate to the infinite horrors of the Abyss.
 50086 | Depths:1 | Found a runed door.
 50089 | Depths:1 | Noticed Asterion
 50102 | Depths:1 | Killed Asterion
 50161 | Depths:1 | Found a gateway to Hell.
 50745 | Depths:1 | Received a gift from Trog
 50908 | Depths:2 | Found Suhy's Assorted Antiques.
 50913 | Depths:2 | Bought a potion of might for 164 gold pieces
 50913 | Depths:2 | Bought a shiny peridot ring for 205 gold pieces
 50943 | Depths:2 | Reached skill level 16 in Dodging
 50958 | Depths:2 | Reached skill level 26 in Fighting
 51191 | Depths:2 | Reached XP level 23. HP: 267/287 MP: 23/23
 51340 | Depths:2 | HP: 139/288 [spriggan berserker/demon whip (28)]
 51350 | Depths:2 | HP: 121/288 [tengu reaver/war axe of electrocution (26)]
 51891 | Depths:2 | Found a runed door.
 51893 | Depths:2 | Noticed an ancient lich
 51940 | Depths:2 | Found a runed door.
 52118 | Depths:2 | Found Kuewnosi's Gadget Shop.
 52118 | Depths:2 | Found Jeoxt's Jewellery Shoppe.
 52119 | Depths:2 | Found Obleclyo's Jewellery Shoppe.
 52374 | Depths:2 | Received a gift from Trog
 52572 | Depths:3 | Noticed the Enchantress
 52582 | Depths:3 | Reached skill level 17 in Dodging
 52585 | Depths:3 | HP: 211/436 [spriggan air mage/bolt of lightning[the Enchantress] (14)]
 52590 | Depths:3 | HP: 160/436 [spriggan defender/flail of holy wrath[the Enchantress] (21)]
 52595 | Depths:3 | HP: 101/436 [spriggan defender/flail of holy wrath[the Enchantress] (1)]
 52600 | Depths:3 | HP: 72/436 [spriggan defender/flail of holy wrath[the Enchantress] (5)]
 52606 | Depths:3 | HP: 33/436 [spriggan defender/flail of protection[the Enchantress] (9)]
 52608 | Depths:3 | HP: 15/436 [spriggan air mage/bolt of lightning[the Enchantress] (7)]
 52609 | Depths:3 | HP: 6/436 [spriggan defender/flail of protection[the Enchantress] (9)]
 52614 | Depths:3 | HP: 4/436 [spriggan defender/flail of protection[the Enchantress] (4)]
 52621 | Depths:3 | Killed from afar by a spriggan air mage

Vanquished Creatures
  Mennas (Vaults:4)
  Sojobo (Depths:1)
  Frederick (Vaults:4)
  Margery (Vaults:4)
  Bai Suzhen (Vaults:2)
  Nikola (Swamp:3)
  Arachne (Spider:3)
  Jorgrun (Spider:4)
  4 liches
  Asterion (Depths:1)
  2 quicksilver dragons (Depths:2)
  2 sphinxes
  3 thorn hunters
  4 tengu reavers
  Kirke (Swamp:2)
  2 fire giants
  Roxanne (Swamp:3)
  Louise (D:15)
  2 frost giants
  7 vault wardens
  Aizul (Swamp:4)
  2 orc warlords
  4 emperor scorpions
  3 ghost moths (Spider:4)
  A cacodemon (Depths:1)
  4 spriggan defenders
  9 stone giants
  9 ironheart preservers
  5 very ugly things
  7 entropy weavers
  Azrael (Spider:1)
  An orange crystal statue (WizLab)
  2 spark wasps
  A spark wasp (shapeshifter) (Vaults:4)
  5 ettins
  Josephine (D:12)
  A minotaur (Lab)
  8 fire dragons
  9 ogre magi
  9 yaktaur captains
  4 great orbs of eyes
  5 vault guards
  3 rakshasas
  The ghost of GoatyMcGoatface the Transmogrifier, a novice OgTm of Okawaru (D:9)
  20 hydras
  3 ghost crabs
  A merfolk avatar (Lair:6)
  A spriggan air mage (Depths:3)
  26 two-headed ogres
  12 centaur warriors
  5 ice dragons
  3 death knights
  3 deep troll earth magi
  5 alligators
  12 death yaks (Lair:6)
  4 deep troll shamans
  4 spriggan berserkers (Depths:2)
  5 tengu warriors
  5 orc high priests (Orc:2)
  7 deep elf knights
  3 vampire magi
  Sonja (D:13)
  6 hell knights
  4 iron trolls (Depths:2)
  2 fire crabs (Swamp:4)
  A shadow wraith (Vaults:4)
  A sixfirhy (Orc:2)
  10 skeletal warriors
  11 deep trolls
  4 wizards
  9 unseen horrors
  A gelid demonspawn (Depths:1)
  A glowing orange brain (Depths:1)
  An infernal demonspawn (Orc:2)
  2 torturous demonspawn (Orc:2)
  4 flayed ghosts
  4 shambling mangroves
  3 deep elf archers
  A spriggan druid (Swamp:4)
  9 swamp dragons
  4 necromancers
  Pikel (D:9)
  7 deep elf magi
  34 wolf spiders
  12 ironbrand convokers
  6 mana vipers (Depths:2)
  An orb spider (shapeshifter) (D:14)
  19 harpies
  3 human zombies (Vaults:3)
  2 phantasmal warriors
  23 orb spiders
  38 orc knights
  3 manticores
  37 ugly things
  An oklob plant (D:10)
  A salamander (Swamp:4)
  5 cyclopes
  9 orc sorcerers
  2 salamanders (shapeshifter)
  7 elephants
  2 fire giant skeletons (D:15)
  2 moths of wrath
  An ice statue (IceCv)
  A sphinx skeleton (D:15)
  12 vault sentinels
  2 gargoyles (D:14)
  2 torpor snails
  2 orange demons
  20 spiny frogs
  6 black mambas
  A centaur zombie (D:14)
  5 rime drakes
  5 komodo dragons
  4 kobold demonologists (D:14)
  28 yaktaurs
  The ghost of theanonym the Skirmisher, an amateur OgBe of Trog (D:4)
  2 ice devils
  A yaktaur (shapeshifter) (Vaults:1)
  A hellwing (Orc:2)
  A rime drake (shapeshifter) (Vaults:1)
  12 freezing wraiths
  15 demonic crawlers
  7 tyrant leeches
  A red devil (Depths:1)
  6 tengu conjurers
  11 trolls
  4 polar bears (Lair:2)
  A polar bear (shapeshifter) (Vaults:1)
  6 meliai
  39 jumping spiders
  27 hornets
  A queen bee (Lair:5)
  2 wind drakes (Lair:6)
  Grinder (D:6)
  A merfolk (shapeshifter) (Depths:2)
  5 bog bodies
  47 slime creatures
  7 blink frogs (Lair:5)
  8 large abominations (Depths:2)
  6 hippogriffs
  A redback (shapeshifter) (D:14)
  12 spriggans
  3 water elementals (Depths:1)
  A vampire (D:11)
  5 wraiths
  76 redbacks
  25 tarantellas
  A fire dragon skeleton (D:15)
  3 wyverns
  A ynoxinul (Orc:2)
  A yak (shapeshifter) (Vaults:2)
  3 fire elementals
  22 yaks
  2 steam dragons (Swamp:4)
  Grum (D:11)
  A basilisk (Lair:3)
  2 hogs (Swamp:2)
  3 hungry ghosts
  21 vampire mosquitoes
  A yaktaur simulacrum (Vaults:1)
  2 chaos spawn
  Menkaure (D:6)
  14 insubstantial wisps
  5 wargs
  14 water moccasins
  A soldier ant (shapeshifter) (Vaults:1)
  8 soldier ants
  An acid dragon (Vaults:2)
  2 hell hounds (Spider:1)
  15 swamp worms
  10 porcupines
  13 swamp drakes
  A slave (D:9)
  2 sky beasts
  49 orc warriors
  9 ice beasts
  4 phantoms
  A necrophage (D:12)
  6 black bears (Lair:2)
  An eye of draining (D:14)
  8 centaurs
  32 ogres
  15 wolves
  A wolf (shapeshifter) (Depths:1)
  7 boggarts
  18 crocodiles
  5 big kobolds
  22 bullfrogs
  3 elf zombies (Ossuary)
  3 small abominations (Depths:2)
  4 scorpions
  A wyvern skeleton (D:14)
  23 killer bees
  13 wights
  2 electric eels (Spider:4)
  4 howler monkeys
  11 crimson imps
  2 jellies
  3 bullfrog zombies
  2 centaur skeletons
  18 orc priests
  4 hounds
  A bullfrog skeleton (D:6)
  8 orc wizards
  Jessica (D:3)
  4 iguanas
  15 worker ants
  A hound zombie (D:11)
  3 hound skeletons
  4 mummies (Ossuary)
  A howler monkey zombie (D:11)
  A worker ant zombie (D:6)
  14 gnolls
  14 adders
  7 shadow imps
  2 oozes
  2 adder zombies (Ossuary)
  4 worms (D:2)
  2 dart slugs
  7 leopard geckos
  94 orcs
  7 giant cockroaches
  A gnoll zombie (Ossuary)
  6 goblins
  13 hobgoblins
  14 jackals
  26 kobolds
  5 quokkas
  A ball python (D:4)
  10 bats
  5 frilled lizards
  A goblin zombie (Ossuary)
  2 jackal zombies (Ossuary)
  A quokka skeleton (D:5)
  7 rats
  2 rat zombies (Ossuary)
  2 briar patches (Swamp:3)
  A plant (D:10)
1683 creatures vanquished.

Vanquished Creatures (collateral kills)
  A thorn hunter (Swamp:2)
  An emperor scorpion (Spider:2)
  3 hydras
  A queen ant (Lair:6)
  An ugly thing (IceCv)
  2 wolf spiders
  2 elephants (Lair:6)
  An ice statue (IceCv)
  4 komodo dragons (Lair:6)
  3 jumping spiders (Spider:2)
  A wind drake (Lair:6)
  A tyrant leech (Lair:3)
  A polar bear (Lair:6)
  4 redbacks (Spider:2)
  A wyvern (Lair:6)
  A vampire mosquito (Swamp:2)
  9 soldier ants (Lair:6)
  A porcupine (Lair:1)
  A bullfrog (Lair:1)
  6 worker ants (Lair:6)
  A fungus (Lair:6)
46 creatures vanquished.

Vanquished Creatures (others)
  A lindwurm (Swamp:4)
  A swamp dragon (Swamp:4)
  A tyrant leech (Swamp:2)
  A hornet (Swamp:2)
  A redback (Spider:1)
  3 humans (Swamp:2)
  A hog (Swamp:2)
  4 swamp drakes (Swamp:4)
  An ogre (Vaults:3)
  A howler monkey (D:9)
  A quokka (D:9)
  A kobold zombie (Ossuary)
  A bush (Depths:2)
  6 fungi
  11 plants
  3 withered plants (D:15)
38 creatures vanquished.

Grand Total: 1767 creatures vanquished
